 Dungeon Crawl Stone Soup version 0.30.1-4-g462c640d31 (webtiles) character file.

Game seed: 10919042119865242938

2 GordonOverkill the Chopper (level 1, -1/17 HPs)
             Began as a Demigod Reaver on Aug 17, 2023.
             Slain by a kobold
             ... wielding a +0 club
              (3 damage)
             ... on level 1 of the Dungeon.
             The game lasted 00:00:33 (183 turns).

GordonOverkill the Chopper (Demigod Reaver)          Turns: 183, Time: 00:00:34

Health: -1/17      AC:  3    Str: 13    XL:     1   Next: 20%
Magic:  5/5        EV: 11    Int: 15    God:
Gold:   0          SH:  0    Dex: 12    Spells: 2/3 levels left

rFire   . . .        a - +0 hand axe
rCold   . . .        (no shield)
rNeg    . . .        b - +0 leather armour
rPois   .            (no helmet)
rElec   .            (no cloak)
rCorr   .            (no gloves)
SInv    .            (no boots)
Will    .....        (no amulet)
Stlth   +            (no ring)
HPRegen 0.22/turn    (no ring)
MPRegen 0.09/turn

%: no passive effects
@: no status effects
A: high MP 1, forlorn, divine attributes
a: no special abilities


You were on level 1 of the Dungeon.
You visited 1 branch of the dungeon, and saw 1 of its levels.

Inventory:

Hand Weapons
 a - a +0 hand axe (weapon)
Armour
 b - a +0 leather armour (worn)
Potions
 c - a potion of haste {unknown}


   Skills:
 + Level 1.8 Fighting
 + Level 2.7 Axes
 - Level 1.7 Dodging
 - Level 1.7 Spellcasting
 - Level 2.6 Conjurations


You had 2 spell levels left.
You knew the following spells:

 Your Spells              Type           Power      Damage    Failure   Level
a - Kiss of Death         Conj/Necr      20%        2d7       17%         1

Your spell library contained the following spells:

 Spells                   Type           Power      Damage    Failure   Level
 Momentum Strike          Conj/Tloc      10%        3d8       26%         2
 Hailstorm                Conj/Ice       5%         3d4       45%         3


Dungeon Overview and Level Annotations

Branches:
Dungeon (1/15)


Innate Abilities, Weirdness & Mutations

You have an increased reservoir of magic. (+10% MP)
You shall have no god before yourself.
Your divine heritage dramatically boosts your attributes as you level up.


Message History

You slash the endoplasm!
You kill the endoplasm!
You start resting.
HP restored.
You start waiting.
Done waiting.
A bat comes into view.
The bat hits you.
You hit the bat.
You kill the bat!
No target in view!
No target in view!
No target in view!
A kobold comes into view. It is wielding a +0 club.
The kobold shouts!
The kobold throws a stone.
The stone hits you.
Found a whip.
A dart slug comes into view.
Found a scale mail.
The kobold throws a stone.
The stone closely misses you. The dart slug launches a dart at you.
The slug dart hits you.
The kobold throws a stone.
The stone hits you but does no damage.
You are too injured to fight recklessly!
You are too injured to fight recklessly!
You start resting.
A kobold is nearby!
You closely miss the kobold. The kobold misses you.
You closely miss the kobold. The kobold hits you with a +0 club.
You closely miss the kobold. The kobold hits you but does no damage.
You hit the kobold but do no damage. The kobold closely misses you.
You barely miss the kobold. The kobold hits you with a +0 club.
* * * LOW HITPOINT WARNING * * *
The kobold hits you with a +0 club.
* * * LOW HITPOINT WARNING * * *
You miss the kobold. The kobold hits you with a +0 club.
* * * LOW HITPOINT WARNING * * *
You closely miss the kobold. The kobold hits you with a +0 club.
* * * LOW HITPOINT WARNING * * *
You hit the kobold but do no damage. The kobold hits you with a +0 club.
You die...

#.......[..
#.)......w.
#.........
#........# .
#........#
##..
#........#
##...#
#........#
#...#
#.......K##..#
#........#@.#
#.......wK.##
#.......†.##
########.##
##.## #...#
### # #...#
..# .#
##...##..# ..
#..##..# .#


You could see a dart slug and a kobold.

Vanquished Creatures
  An endoplasm (D:1)
  A bat (D:1)
2 creatures vanquished.

Notes
Turn   | Place    | Note
-------+----------+-------------------------------------------
     0 | D:1      | GordonOverkill the Demigod Reaver began the quest for the
                  | Orb.
     0 | D:1      | Reached XP level 1. HP: 17/17 MP: 5/5
   183 | D:1      | Slain by a kobold

Illustrated notes

Levels and vault maps discovered:
D:1:      lightli_iron_boxes, layout_basic, serial_shops, nicolae_shop_trees,
          nicolae_shop_peninsula, nicolae_square_shop, shop

Action                     || total
---------------------------++-------
  Melee: Hand axe          ||    15
 Armour: Leather armour    ||     2
  Dodge: Dodged            ||     3
